 Dungeon Crawl Stone Soup version 0.29.0-15-g675c0067aa (webtiles) character file.

Game seed: 1072960613402397270

35 qw the Chopper (level 3, 0/23 HPs)
             Began as a Gargoyle Fighter on Sept 12, 2022.
             Slain by a worm (6 damage)
             ... on level 2 of the Dungeon.
             The game lasted 00:00:32 (1465 turns).

qw the Chopper (Gargoyle Fighter)                   Turns: 1465, Time: 00:00:32

Health: 0/23       AC: 12    Str: 21    XL:     3   Next: 33%
Magic:  3/3        EV:  9    Int:  8    God:
Gold:   30         SH:  4    Dex:  9    Spells: 2/2 levels left

rFire   . . .      SeeInvis .   Y - +0 war axe
rCold   . . .      Faith    .   c - +0 buckler
rNeg    + + .      Spirit   .   b - +0 scale mail
rPois   inf        Reflect  .   (no helmet)
rElec   +          Harm     .   e - +0 cloak
rCorr   .          Rampage  .   g - +0 pair of gloves
Will    .....                   (no boots)
Stlth   ..........              (no amulet)
HPRegen 0.07/turn               q - ring of positive energy
MPRegen 0.08/turn               (no ring)

@: no status effects
A: sickness immunity, AC +3, negative energy resistance 1, electricity
resistance, torment resistance 1, petrification resistance
a: no special abilities


You were on level 2 of the Dungeon.
You visited 1 branch of the dungeon, and saw 2 of its levels.

You collected 30 gold pieces.


Innate Abilities, Weirdness & Mutations

You are immune to sickness and miasma.
Your stone body is resilient. (AC +3)
You are immune to poison.
You resist negative energy. (rN+)
You are resistant to electric shocks. (rElec)
You are resistant to unholy torment.
You are immune to petrification.


   Skills:
 - Level 3.2 Fighting
 + Level 3.3 Axes
 - Level 3.2 Armour
 - Level 3.2 Shields


You had 2 spell levels left.
You didn't know any spells.
Your spell library was empty.

Inventory:

Hand Weapons
 k - a +0 whip
 Y - a +0 war axe (weapon)
Armour
 b - a +0 scale mail (worn)
 c - a +0 buckler (worn)
 e - a +0 cloak (worn)
 g - a +0 pair of gloves (worn)
Jewellery
 q - a ring of positive energy (left hand)
Scrolls
 j - a scroll of blinking {unknown}
 o - a scroll of identify
Potions
 a - a potion of mutation {unknown}
 d - a potion of might
 f - a potion of curing {unknown}
 h - a potion of lignification
 i - a potion of invisibility {unknown}
 l - a potion of resistance {unknown}

Dungeon Overview and Level Annotations

Branches:
Dungeon (2/15)

Altars:


Message History

The giant cockroach is almost dead.
The giant cockroach bites you but does no damage. x2
You hit the giant cockroach but do no damage.
The giant cockroach is severely wounded.
The giant cockroach closely misses you.
You slash the giant cockroach!
You kill the giant cockroach!
A quokka comes into view.
You barely miss the worm. The worm barely misses you.
You barely miss the worm. The worm bites you but does no damage.
You hit the worm but do no damage. You closely miss the quokka.
You block the quokka's attack. x2; The worm bites you but does no damage.
You completely miss the worm. You barely miss the quokka.
The quokka twitches its whiskers.
The quokka bites you but does no damage. x2
You hit the worm.
The worm is lightly wounded.
You hit the quokka.
The quokka bites you but does no damage.
The worm bites you.
You closely miss the quokka.
The quokka is almost dead.
You barely miss the worm. The quokka bites you. The worm bites you.
The quokka bites you but does no damage.
You barely miss the quokka.
The quokka is almost dead.
You hit the worm. The quokka bites you. The worm barely misses you.
The quokka closely misses you.
You closely miss the quokka.
The quokka is almost dead.
You hit the worm. The quokka closely misses you. The worm bites you!
You slash the quokka!
You kill the quokka!
You slash the worm! The worm bites you.
You die...

#.# #.######
#########.#.
#.# #.# #<##
#.# #.# #.#
#.# #.# #.##
#.# #.#####
#... #.#...##
##.##
###......####
##.#.#
............#
##.###.
###...@.##.#
##.##...
##.%w###.#
#.###.#.
#...... #.#
##>##...
#.......#.#
##.###.
#.......#.#
##.#.#
.........#.#
##..#
###.......#.#
##.#
........#.#
#####.# #.#
#.....#


You could see a worm.

Vanquished Creatures
  An adder (D:2)
  A bat (D:1)
  An endoplasm (D:1)
  A giant cockroach (D:2)
  3 hobgoblins
  4 kobolds
  A quokka (D:2)
  2 ball pythons (D:2)
  4 frilled lizards (D:1)
  4 goblins
  6 rats
28 creatures vanquished.

Vanquished Creatures (others)
  A fungus (D:1)
1 creature vanquished.

Grand Total: 29 creatures vanquished

Notes
Turn   | Place    | Note
-------+----------+-------------------------------------------
     0 | D:1      | qw the Gargoyle Fighter began the quest for the Orb.
     0 | D:1      | Reached XP level 1. HP: 14/14 MP: 1/1
     0 | D:1      | 0 ||| qw: Version: 0.1-a-119-g272c26d
     0 | D:1      | 0 ||| qw: Game counter: 11006
     0 | D:1      | 0 ||| qw: Always use a shield: true
     0 | D:1      | 0 ||| qw: God list: Okawaru
     0 | D:1      | 0 ||| qw: Allow faded altars: false
     0 | D:1      | 0 ||| qw: Do Orc after D:15 true
     0 | D:1      | 0 ||| qw: Do second Lair branch before Depths: true
     0 | D:1      | 0 ||| qw: Lair rune preference: random
     0 | D:1      | 0 ||| qw: Plans: Normal, Zot, God:TSO, Crypt, Tomb, Pan,
                  | Slime, Hells, Zig, Abyss, Orb
     0 | D:1      | 0 ||| PLANNING D:1-11
   265 | D:1      | Reached XP level 2. HP: 14/19 MP: 2/2
   281 | D:1      | 281 ||| Stepping ~*~*~tactically~*~*~ (stealth).
   384 | D:1      | 384 ||| Stepping ~*~*~tactically~*~*~ (stealth).
   387 | D:1      | 387 ||| Stepping ~*~*~tactically~*~*~ (stealth).
   833 | D:1      | 833 ||| Stepping ~*~*~tactically~*~*~ (stealth).
  1053 | D:1      | 1053 ||| UPGRADING to +0 cloak.
  1058 | D:1      | 1058 ||| UPGRADING to +0 pair of gloves.
  1063 | D:1      | 1063 ||| UPGRADING to ring of positive energy.
  1064 | D:1      | 1064 ||| READING scroll labelled VEFENEE AMOKH.
  1065 | D:1      | 1065 ||| READING scroll labelled AFRIGU MY GES.
  1066 | D:1      | 1066 ||| READING scroll labelled IZIETE JUTOECO.
  1067 | D:1      | 1067 ||| READING scroll labelled MAWIBO OCWAG.
  1168 | D:1      | 1168 ||| READING 3 scrolls labelled WEDUAC DIAHURO.
  1169 | D:1      | 1169 ||| READING scroll labelled XUGATUS YNOMI.
  1172 | D:1      | 1172 ||| READING scroll labelled OROOMN YKHAFIPS.
  1173 | D:1      | 1173 ||| READING 2 scrolls of identify.
  1173 | D:1      | 1173 ||| IDENTIFYING smoky white potion
  1259 | D:2      | Reached skill level 3 in Axes
  1263 | D:2      | Reached XP level 3. HP: 23/23 MP: 3/3
  1331 | D:2      | 1331 ||| DROPPING +0 club.
  1465 | D:2      | Slain by a worm

Levels and vault maps discovered:
D:1:      nagdon_arrival_zigzag_paths, layout_basic, dreamdust_mushroom_princess
D:2:      layout_loops_ring, serial_shops, nicolae_diamond_shop,
          kennysheep_potato, uniq_sigmund

Skill      XL: |  1  2 |
---------------+-------+-----
Axes           | 2 3 |  3.3
Fighting       | |  3.2
Armour         | |  3.2
Shields        | |  3.2

Action                   || total
-------------------------++-------
Melee: War axe           ||    88
  Use: Scroll            ||     8
Armor: Scale mail        ||    41
Dodge: Dodged            ||    34
Block: Buckler           ||    15

Table legend:
 A = Non-vault XP
 B = Vault XP
 C = Vault XP percentage of total XP
 D = Non-vault monster count
 E = Vault monster count
 F = Vault count percentage of total count
                 A         B        C        D         E       F
            +---------+---------+-------+---------+---------+-------
      Total |      52 |       0 |   0.0 |      28 |       0 |   0.0
            +---------+---------+-------+---------+---------+-------
        D:1 |      25 |       0 |   0.0 |      17 |       0 |   0.0
        D:2 |      27 |       0 |   0.0 |      11 |       0 |   0.0
            +---------+---------+-------+---------+---------+-------
